 Dungeon Crawl Stone Soup version 0.25-a0-108-gda8bd6cf83 (webtiles) character file.

Game seed: 1835702887041133947, levelgen mode: deterministic

1130 D1HalberdGnoll the Covert (level 8, -2/60 HPs)
             Began as a Vampire Assassin on Nov 18, 2019.
             Was an Initiate of Gozag.
             Killed from afar by Blork the orc (14 damage)
             ... with a puff of flame
             ... on level 5 of the Dungeon.
             The game lasted 00:11:44 (4811 turns).

D1HalberdGnoll the Covert (Vampire Assassin)        Turns: 4811, Time: 00:11:44

Health: -2/60      AC:  6    Str: 12    XL:     8   Next: 13%
Magic:  8/8        EV: 13    Int: 13    God:    Gozag
Gold:   663        SH:  0    Dex: 16    Spells: 7/7 levels left

rFire    . . .     SeeInvis +   a - +3 dagger
rCold    . . .     Gourm    .   (no shield)
rNeg     . . .     Faith    .   o - +0 ring mail
rPois    .         Spirit   .   (no helmet)
rElec    .         Reflect  .   c - +0 cloak
rCorr    .         Harm     .   (no gloves)
MR       .....                  (no boots)
Stlth    ++++......             (no amulet)
HPRegen  0.40/turn              (no ring)
MPRegen  0.11/turn              (no ring)

@: regenerating quickly
A: no food, fangs 3, see invisible, unbreathing
a: Exsanguinate, Potion Petition, Call Merchant, Bribe Branch, Renounce Religion


You were on level 5 of the Dungeon.
You worshipped Gozag.
Gozag was pleased with you.
You were alive.

You visited 1 branch of the dungeon, and saw 5 of its levels.

You collected 695 gold pieces.
You paid 32 gold pieces to Gozag.

Inventory:

Hand Weapons
 a - a +3 dagger (weapon)
 u - the +2 hunting sling of Gallantry {velocity, rElec rPois, unknown}
   (You found it on level 4 of the Dungeon)

   Any stone fired from it inflicts extra damage.
   It insulates you from electricity.
   It protects you from poison.
Missiles
 d - a poisoned dart (quivered)
 e - 2 curare-tipped darts
Armour
 c - a +0 cloak (worn)
 o - a +0 ring mail (worn)
Jewellery
 m - an uncursed ring of ice
 y - an uncursed ring of flight
 z - an uncursed ring of resist corrosion
Wands
 t - a wand of polymorph (16)
 w - a wand of paralysis (1)
Scrolls
 g - a scroll of enchant weapon
 h - a scroll of teleportation {unknown}
 i - 3 scrolls of identify
 j - a scroll of magic mapping {unknown}
 p - a scroll of remove curse {unknown}
 r - a scroll of random uselessness {unknown}
Potions
 b - a potion of ambrosia {unknown}
 f - 2 potions of mutation {unknown}
 k - 3 potions of heal wounds
 l - 5 potions of curing
 n - a potion of degeneration {unknown}
 q - 2 potions of flight {unknown}
 s - 2 potions of haste {unknown}
 v - a potion of berserk rage {unknown}
 x - a potion of invisibility {unknown}


   Skills:
 + Level 4.1 Fighting
 + Level 5.1 Short Blades
 - Level 1.5 Throwing
 + Level 4.7 Dodging
 * Level 11.0 Stealth


You had 7 spell levels left.
You didn't know any spells.
Your spell library contained the following spells:

 Spells                   Type           Power        Failure   Level  Hunger
 Animate Skeleton         Necr           N/A          56%         1    N/A
 Sandblast                Erth           #.....       56%         1    N/A
 Passwall                 Tmut/Erth      #.......     71%         2    N/A
 Sublimation of Blood     Necr           #.........   71%         2    N/A
 Excruciating Wounds      Chrm/Necr      #.........   100%        5    N/A
 Shatter                  Erth           #.........   100%        9    N/A

Dungeon Overview and Level Annotations

Branches:
Dungeon (5/15)             Temple (0/1) D:5

Altars:
Cheibriados
Fedhas
Gozag
Okawaru
Uskayaw
Yredelemnul
Zin

Annotations:
D:5 Blork the orc, Ijyb


Innate Abilities, Weirdness & Mutations

You do not eat.
Your natural rate of healing is unusually fast.
You have razor-sharp teeth.
You have supernaturally acute eyesight. (SInv)
You can survive without breathing.


Message History

Things that are here:
a +0 shortbow; 44 arrows Blork the orc points at you and mumbles some strange words.
The magic dart hits you.
* * * LOW HITPOINT WARNING * * *
Blork the orc closely misses you. Blork the orc completely misses you.
Throwing (i - inventory. (/) - cycle)
d - 2 poisoned darts (quivered)
Press: ? - help, Shift-Dir - straight line, f/p - Blork the orc
Aim: Blork the orc, wielding a +0 flail and wearing a +2 robe of cold resistance (almost dead, fast, slightly transparent)
You throw a poisoned dart. The poisoned dart hits Blork the orc.
Blork the orc is poisoned.
Blork the orc is almost dead.
Blork the orc casts a spell at you. The puff of frost hits you.
* * * LOW HITPOINT WARNING * * *
Blork the orc gestures at you while chanting.
The puff of flame hits you!
You die...
Your body crumbles into a pile of gold.

### .#.#.#.#.#. ...
............ ##..
#..#.......#.
...##............# #..
..#...>...#....
#).##.............
#..(..#.......#..
#####...@...........#
#......o#.#.#.#.#.#.#
..####..#..........)# .
#..#...........#
..###.)##..........#
.........##....[...##
##....##.##........####
#.##..#$#............###
.. ##...................


You could see Blork the orc (invisible).

Vanquished Creatures
  Grinder (D:4)
  An orc warrior (D:4)
  A phantom (D:4)
  An ogre (D:4)
  A centaur (D:5)
  2 scorpions
  An orc priest (D:5)
  2 orc wizards
  A centaur skeleton (D:5)
  An iguana (D:5)
  A worker ant (D:4)
  2 hound skeletons (D:4)
  15 adders
  5 gnolls
  2 oozes (D:4)
  3 worms
  3 dart slugs
  A leopard gecko (D:3)
  20 orcs
  8 bats
  2 giant cockroaches (D:2)
  5 goblins
  14 hobgoblins
  6 jackals
  A quokka (D:2)
  2 ball pythons
  2 frilled lizards
  A jackal skeleton (D:4)
  8 kobolds
  7 rats
  A spectral orc (D:4)
121 creatures vanquished.

Notes
Turn   | Place    | Note
-------+----------+-------------------------------------------
     0 | D:1      | D1HalberdGnoll the Vampire Assassin began the quest for the
                  | Orb.
     0 | D:1      | Reached XP level 1. HP: 16/16 MP: 1/1
    66 | D:1      | Reached skill level 6 in Stealth
   126 | D:1      | Reached XP level 2. HP: 22/22 MP: 2/2
   332 | D:1      | Found an iron altar of Okawaru.
   566 | D:2      | Found a blossoming altar of Fedhas.
   579 | D:2      | Reached XP level 3. HP: 22/27 MP: 3/3
   756 | D:2      | Found a snail-covered altar of Cheibriados.
  1019 | D:2      | Reached skill level 7 in Stealth
  1171 | D:2      | Found an opulent altar of Gozag.
  1181 | D:2      | Reached XP level 4. HP: 34/34 MP: 4/4
  1304 | D:2      | Became a worshipper of Gozag Ym Sagoz the Greedy
  1958 | D:3      | Reached XP level 5. HP: 31/39 MP: 5/5
  2121 | D:3      | Reached skill level 8 in Stealth
  2494 | D:3      | Reached XP level 6. HP: 40/46 MP: 6/6
  3142 | D:4      | Found a glowing silver altar of Zin.
  3208 | D:4      | Reached skill level 9 in Stealth
  3247 | D:4      | Got an iridescent hunting sling
  3284 | D:4      | Reached XP level 7. HP: 39/52 MP: 7/7
  3406 | D:4      | Identified the Papyrus of Ashen Evil Magic
  3494 | D:4      | Noticed Grinder
  3513 | D:4      | Killed Grinder
  3513 | D:4      | Reached skill level 10 in Stealth
  4008 | D:4      | Found a basalt altar of Yredelemnul.
  4271 | D:5      | Entered Level 5 of the Dungeon
  4358 | D:5      | Found a hide-covered altar of Uskayaw.
  4368 | D:5      | Noticed Blork the orc
  4401 | D:5      | Reached XP level 8. HP: 58/60 MP: 8/8
  4426 | D:5      | Reached skill level 5 in Short Blades
  4458 | D:5      | HP: 3/60 [poisoned by an orc]
  4463 | D:5      | HP: 2/60 [poisoned by an orc]
  4468 | D:5      | HP: 2/60 [poisoned by an orc]
  4475 | D:5      | HP: 3/60 [poisoned by an orc]
  4744 | D:5      | Found a staircase to the Ecumenical Temple.
  4771 | D:5      | Noticed Ijyb
  4785 | D:5      | Reached skill level 11 in Stealth
  4811 | D:5      | Killed from afar by Blork the orc

Levels and vault maps discovered:
D:1:      sevenhm_arrival_forest_fort_small_6, layout_rooms,
          serial_bayou_pond_d, okawaru_ov_weapons_minmay
D:2:      layout_basic, fedhas_altar_2, kennysheep_slug_shrine, st_stairs_11,
          nicolae_gozag_cash_rules_everything_around_me
D:3:      layout_basic, first_ration
D:4:      layout_basic, yredelemnul_forgotten_temple_becter,
          minmay_ruined_shrine, uniq_grinder
D:5:      layout_rooms, eat_drink_and_be_merry_uskayaw,
          grunt_temple_overflow_open, minmay_temple_entry_glass,
          uniq_crazy_yiuf_cottage, uniq_blork_the_orc, uniq_ijyb

Skill      XL: |  1  2  3  4  5  6  7  8 |
---------------+-------------------------+-----
Stealth        | 6 7 8 9 10 11 | 11.0
Fighting       | 2 3 4 |  4.1
Dodging        | 2 3 4 |  4.7
Short Blades   | 3 4 5 |  5.1
Throwing       | |  1.5

Action                   |  1- 3 |  4- 6 |  7- 9 || total
-------------------------+-------+-------+-------++-------
Melee: Dagger            |   128 |   231 |   149 ||   508
       Bite              |     8 |    21 |    20 ||    49
Throw: Dart              |    16 |    35 |    13 ||    64
Evoke: Wand              |       |       |     4 ||     4
  Use: Scroll            |       |     4 |     2 ||     6
 Stab: Sleeping          |    11 |     7 |     6 ||    24
       Distracted        |       |     3 |       ||     3
       Paralysed         |       |       |     1 ||     1
Armor: Robe              |    10 |       |       ||    10
       Leather armour    |    20 |     5 |       ||    25
       Ring mail         |       |    30 |    31 ||    61
Dodge: Dodged            |    70 |   111 |    78 ||   259

Table legend:
 A = Non-vault XP
 B = Vault XP
 C = Vault XP percentage of total XP
 D = Non-vault monster count
 E = Vault monster count
 F = Vault count percentage of total count
                 A         B        C        D         E       F
            +---------+---------+-------+---------+---------+-------
      Total |    1304 |     311 |  19.3 |     109 |      12 |   9.9
            +---------+---------+-------+---------+---------+-------
        D:1 |      30 |       0 |   0.0 |      19 |       0 |   0.0
        D:2 |     131 |      12 |   8.4 |      24 |       5 |  17.2
        D:3 |     282 |       0 |   0.0 |      37 |       0 |   0.0
        D:4 |     611 |     299 |  32.9 |      21 |       7 |  25.0
        D:5 |     250 |       0 |   0.0 |       8 |       0 |   0.0
            +---------+---------+-------+---------+---------+-------
